[Event "January 9 Late 2024"]
[Site "https://www.chess.com"]
[Date "2024.01.09"]
[Round "3"]
[White "Lopusiewicz, Piotr"]
[Black "Yurovskykh, Oleksandr"]
[Result "1-0"]
[Board "103"]
[TimeControl "180+1"]
[WhiteFideId "1116029"]
[BlackFideId "14134020"]
[WhiteElo "2483"]
[BlackElo "2660"]
[WhiteTeam "POL"]
[BlackTeam "UKR"]
[WhiteClock "0:00:16"]
[BlackClock "0:00:00"]

1. d4 d5 2. c4 dxc4 3. e3 Nf6 4. Bxc4 e6 5. Nf3 c5 6. O-O Nc6 7. dxc5 Bxc5 8. Qxd8+ Kxd8 9. b3 Ke7 10. Be2 b6 11. Ne1 Bb7 12. Nd3 Bd6 13. Nd2 Rac8 14. Nc4 Rhd8 15. Nxd6 Kxd6 16. Ba3+ Kc7 17. Rac1 Kb8 18. Rfd1 Rd7 19. f3 Rcd8 20. Bb2 Ba6 21. Ne5 Rxd1+ 22. Bxd1 Nxe5 23. Bxe5+ Ka8 24. Bc2 Rc8 25. Bxf6 Bd3 26. Bxg7 Rxc2 27. Rd1 Bg6 28. a4 a5 29. Rd7 Rc1+ 30. Kf2 Rb1 31. e4 Rxb3 32. Kg3 Rb4 33. Bd4 Rxa4 34. Bxb6 Ra2 35. Ra7+ Kb8 36. Rxa5 Rxa5 37. Bxa5 Kc8 38. Kf4 f6 39. Bc3 e5+ 40. Bxe5 fxe5+ 41. Kxe5 Kd7 42. Kf6 Ke8 43. g4 Kf8 44. h4 Be8 45. h5 h6 46. f4 Bc6 47. e5 Bf3 48. Kg6 Bxg4 49. Kxh6 Kf7 50. Kg5 Bd1 51. f5 Bc2 52. e6+ Ke7 53. h6 1-0

[Event "January 9 Late 2024"]
[Site "https://www.chess.com"]
[Date "2024.01.09"]
[Round "3"]
[White "Barp, Alberto"]
[Black "Novik, Maxim"]
[Result "0-1"]
[Board "104"]
[TimeControl "180+1"]
[WhiteFideId "872555"]
[BlackFideId "4102924"]
[WhiteElo "2659"]
[BlackElo "2483"]
[WhiteTeam "ITA"]
[BlackTeam "LTU"]
[WhiteClock "0:00:02"]
[BlackClock "0:00:02"]

1. Nf3 Nf6 2. b3 g6 3. Bb2 Bg7 4. c4 b6 5. e3 Bb7 6. d4 O-O 7. Be2 e6 8. O-O c5 9. dxc5 bxc5 10. Nc3 d5 11. cxd5 exd5 12. Na4 Nbd7 13. Rc1 Rc8 14. Ne5 Nxe5 15. Bxe5 Qe7 16. Bb2 Rfd8 17. Bf3 Ne4 18. Bxg7 Kxg7 19. Bxe4 dxe4 20. Qc2 c4 21. bxc4 Ba6 22. Nb2 Rc5 23. Rfd1 Rxd1+ 24. Rxd1 h5 25. Qc3+ Kh7 26. Qa3 Qe5 27. Qb4 Rc6 28. c5 Rxc5 29. h3 Rb5 30. Qa4 Rxb2 31. Qxa6 Qf5 32. Rf1 Qd7 33. a4 Rd2 34. a5 Kg7 35. Qc4 Qd5 36. Qc3+ Kh7 37. Qf6 Rd1 38. Rxd1 Qxd1+ 39. Kh2 Qd5 40. a6 Kg8 41. g4 hxg4 42. hxg4 Kh7 43. Kg3 Kg8 44. Kf4 Qc4 45. g5 Qc7+ 46. Kxe4 Qc4+ 47. Kf3 Qd5+ 48. Kg3 Qb5 49. Qd8+ Kh7 50. Qf6 Kg8 51. e4 Qd3+ 52. f3 Qe3 53. Qd8+ Kh7 54. Qd5 Qg1+ 55. Kf4 Qc1+ 56. Kg4 Qg1+ 57. Kh3 Qh1+ 58. Kg3 Qg1+ 59. Kf4 Qc1+ 60. Ke5 Qxg5+ 61. Kd6 Qd8+ 62. Kc5 Qb6+ 63. Kc4 Qxa6+ 64. Kd4 Qb6+ 65. Kd3 Qe6 66. Qb7 a6 67. Qa7 g5 68. Ke3 Qf6 69. Kf2 g4 70. Ke1 Qxf3 71. Qxa6 g3 72. Qa5 g2 73. Qb6 Qf1+ 74. Kd2 0-1

[Event "January 9 Late 2024"]
[Site "https://www.chess.com"]
[Date "2024.01.09"]
[Round "3"]
[White "Gutierrez Olivares, Daniel"]
[Black "Vlassov, Nikolai"]
[Result "1/2-1/2"]
[Board "105"]
[TimeControl "180+1"]
[WhiteFideId "2264005"]
[BlackFideId "4103360"]
[WhiteElo "2478"]
[BlackElo "2655"]
[WhiteTeam "ESP"]
[BlackTeam "FID"]
[WhiteClock "0:00:14"]
[BlackClock "0:00:17"]

1. c4 e5 2. Nc3 Nf6 3. Nf3 e4 4. Nd4 c6 5. g3 d5 6. cxd5 cxd5 7. Bg2 Nc6 8. Nc2 h5 9. d3 h4 10. gxh4 Ng4 11. dxe4 Qxh4 12. Be3 Nxe3 13. Nxe3 d4 14. Ned5 dxc3 15. Nc7+ Ke7 16. Nd5+ Kd8 17. Nb6+ Ke8 18. Nxa8 Bc5 19. Nc7+ Kf8 20. e3 cxb2 21. Rb1 Bxe3 22. Qd6+ Kg8 23. Qg3 Bc1 24. Nd5 Be6 25. O-O Nd4 26. Qxh4 Ne2+ 27. Kh1 Rxh4 28. Re1 Bxd5 29. exd5 Nc3 30. Rexc1 bxc1=Q+ 31. Rxc1 Nb5 32. Rc8+ Kh7 33. Rd8 Rd4 34. Bf3 Kg6 35. Kg2 Kf6 36. Rd7 b6 37. Be2 Nc3 38. Bf3 a5 39. Rd6+ Ke5 40. Rxb6 Nxa2 41. Rb5 a4 42. Ra5 Nc3 43. Ra7 Kf6 44. Ra6+ Kf5 45. d6 Nb5 46. Ra5 Ke6 47. Rxb5 Kxd6 48. Rb6+ Kc5 49. Ra6 Kb4 50. Rb6+ Kc3 51. Rb7 Rf4 52. Ra7 Kb3 53. Bd5+ Kb2 54. Rxf7 Rg4+ 55. Kf3 Rd4 56. Be6 g5 57. Rb7+ Kc3 58. h3 Kc2 59. Kg3 a3 60. f3 Kc1 61. Bf7 Ra4 62. Rb5 a2 63. Bxa2 Rxa2 64. Rxg5 Kd2 65. Re5 Kd3 66. Re4 Ra1 67. h4 Rg1+ 68. Kf4 Rg8 69. Kf5 Rf8+ 70. Kg4 Rg8+ 71. Kh5 Rh8+ 72. Kg5 Rg8+ 73. Kf4 Rf8+ 74. Kg3 Rg8+ 75. Rg4 Rh8 76. Re4 Rg8+ 77. Kh3 Rh8 78. Kg2 Rg8+ 79. Kf2 Rh8 80. Rg4 Rh7 81. Kg3 Rh8 82. Rg5 Ke3 83. Re5+ Kd4 84. Re4+ Kd5 85. Rg4 Ke5 86. Rg5+ Kf6 87. Kg4 Ra8 88. Rf5+ Kg6 89. h5+ Kh6 90. Rf6+ Kg7 91. Rg6+ Kh7 92. f4 Ra1 93. Kf5 Ra5+ 94. Kg4 Ra1 95. Re6 Rg1+ 96. Kf5 Rh1 97. Kg5 Rg1+ 98. Kh4 Rh1+ 99. Kg4 Rg1+ 100. Kf5 Rh1 101. Re7+ Kh6 102. Kf6 Rxh5 103. f5 Rh1 104. Re8 Kh7 105. Re7+ Kg8 106. Rc7 Ra1 107. Rc8+ Kh7 108. Rc7+ Kg8 109. Kg6 Rg1+ 110. Kf6 Ra1 1/2-1/2

[Event "January 9 Late 2024"]
[Site "https://www.chess.com"]
[Date "2024.01.09"]
[Round "3"]
[White "Grochal, Joey"]
[Black "Wadsworth, Matthew J"]
[Result "1-0"]
[Board "106"]
[TimeControl "180+1"]
[WhiteFideId "1019945"]
[BlackFideId "415804"]
[WhiteElo "2476"]
[BlackElo "2653"]
[WhiteTeam "NED"]
[BlackTeam "ENG"]
[WhiteClock "0:00:17"]
[BlackClock "0:00:00"]

1. e4 e6 2. d4 d5 3. Nc3 Bb4 4. e5 c5 5. a3 Bxc3+ 6. bxc3 Qa5 7. Bd2 Qa4 8. Nf3 b6 9. h4 Ba6 10. Bxa6 Nxa6 11. h5 h6 12. Rh4 Ne7 13. dxc5 Qc6 14. cxb6 axb6 15. Nd4 Qd7 16. Rg4 g6 17. hxg6 Nxg6 18. Qe2 Nc5 19. f3 h5 20. Rg5 h4 21. Kf2 h3 22. gxh3 Rxh3 23. Rg3 Rh2+ 24. Rg2 Rxg2+ 25. Kxg2 Qe7 26. Qb5+ Kf8 27. Bh6+ Kg8 28. Rh1 Nxe5 29. Rh5 Ncd7 30. Qe2 Rxa3 31. Rxe5 Nxe5 32. Qxe5 f6 33. Qg3+ Kh7 34. Qh4 Kg6 35. Bd2 Ra8 36. Qg4+ Kf7 37. Qh5+ Kg8 38. Qg4+ Kf7 39. Qh5+ Kg8 40. Bh6 f5 41. Bg5 Qf7 42. Qh6 Re8 43. Bf6 Qh7 44. Qxh7+ Kxh7 45. f4 Kg6 46. Be5 Kf7 47. Kf3 Rh8 48. Ke3 Rh3+ 49. Kd2 Rh2+ 50. Kc1 Ke7 51. Kb2 Kd7 52. Kb3 Rg2 53. Kb4 Rg3 54. Kb3 Rg1 55. Ka3 Rb1 56. Nb3 Kc6 57. Ka2 Rf1 58. Kb2 Kd7 59. Ka3 Rf3 60. Kb4 Rf2 61. Nd4 Rf1 62. Kb5 Rb1+ 63. Nb3 Rb2 64. Kxb6 Rxc2 65. Nc5+ Ke7 66. Kc6 Rh2 67. Bd6+ Kf6 68. Nd7+ Kf7 69. Ne5+ Kf6 70. Bc7 Rc2 71. Bd8+ Kg7 72. Ba5 d4 73. Kc5 dxc3 74. Kc4 Rf2 75. Bxc3 Rxf4+ 76. Kc5 Re4 77. Kd6 Kh6 78. Kxe6 1-0

[Event "January 9 Late 2024"]
[Site "https://www.chess.com"]
[Date "2024.01.09"]
[Round "3"]
[White "Vestby-Ellingsen, Mads"]
[Black "Peczely, Sebastian Zsombor"]
[Result "1-0"]
[Board "107"]
[TimeControl "180+1"]
[WhiteFideId "1520857"]
[BlackFideId "750964"]
[WhiteElo "2650"]
[BlackElo "2475"]
[WhiteTeam "NOR"]
[BlackTeam "HUN"]
[WhiteClock "0:00:36"]
[BlackClock "0:00:04"]

1. e4 c5 2. Nf3 d6 3. Bb5+ Nd7 4. a4 a6 5. Be2 Ngf6 6. d3 g6 7. O-O b6 8. Nc3 Bb7 9. Bg5 Bg7 10. Qd2 h6 11. Bh4 O-O 12. h3 Bc6 13. Nh2 g5 14. Bg3 e5 15. h4 Nh7 16. hxg5 hxg5 17. Ng4 b5 18. Ne3 bxa4 19. Nxa4 Nb6 20. Nxb6 Qxb6 21. Nf5 Bd7 22. Ne7+ Kh8 23. Kh2 Rfe8 24. Nd5 Qb7 25. b3 f5 26. f3 f4 27. Bf2 Nf6 28. Nxf6 Bxf6 29. g4 Kg7 30. Kg2 Rh8 31. Rh1 Rxh1 32. Rxh1 Rh8 33. Rxh8 Kxh8 34. Qa5 Kg7 35. Be1 Qb5 36. Qc7 Qc6 37. Qa7 Kg6 38. Ba5 Be7 39. Qb8 Kf7 40. Qa7 Bc8 41. Bc3 Qb7 42. Qxb7 Bxb7 43. Kf1 Ke6 44. Ba5 d5 45. Ke1 d4 46. Kd1 Kd7 47. Be1 Bd8 48. Kc1 Kc6 49. Kb2 Kb5 50. c4+ Kc6 51. Ka3 Be7 52. Ka4 Kb6 53. Ba5+ Kc6 54. Bd1 Bc8 55. b4 cxb4 56. Bxb4 Bxb4 57. Kxb4 Bd7 58. Ba4+ Kd6 59. Bxd7 Kxd7 60. Ka5 Kc6 61. Kxa6 Kc5 62. Ka5 Kc6 63. Kb4 Kb6 64. c5+ Kc6 65. Kc4 1-0

[Event "January 9 Late 2024"]
[Site "https://www.chess.com"]
[Date "2024.01.09"]
[Round "3"]
[White "Pesotskiy, Mikhail"]
[Black "Rama, Tejas"]
[Result "1-0"]
[Board "108"]
[TimeControl "180+1"]
[WhiteFideId "34164453"]
[BlackFideId "30907381"]
[WhiteElo "2474"]
[BlackElo "2650"]
[WhiteTeam "RUS"]
[BlackTeam "USA"]
[WhiteClock "0:00:19"]
[BlackClock "0:00:13"]

1. d4 Nf6 2. c4 e6 3. Nc3 Bb4 4. Qc2 O-O 5. a3 Bxc3+ 6. Qxc3 d5 7. Bg5 c5 8. dxc5 d4 9. Qd2 h6 10. Bxf6 Qxf6 11. Nf3 e5 12. e3 Nc6 13. Be2 Re8 14. O-O d3 15. Bd1 e4 16. Ne1 a5 17. f3 Ne5 18. fxe4 Qe6 19. b3 Rd8 20. Rc1 a4 21. Rc3 axb3 22. Bxb3 Rxa3 23. Nxd3 Qd7 24. Rd1 Qc7 25. Qb2 Rxd3 26. Rcxd3 Nxd3 27. Qxa3 Nxc5 28. Bc2 Be6 29. e5 g6 30. Qc3 Qb6 31. h3 Qc7 32. Rd6 b6 33. Qb4 Nd7 34. Bxg6 Nxe5 35. Bd3 Qe7 36. Be4 Nxc4 37. Rxb6 Qg5 38. Rb8+ Kg7 39. Qc3+ Ne5 40. Rb5 f6 41. Rb7+ Bf7 42. Bd5 Qg3 43. Rxf7+ Nxf7 44. Bxf7 Kxf7 45. Qd2 Qe5 46. Qf2 Qa1+ 47. Kh2 Qe5+ 48. Qf4 Qh5 49. Qc7+ Kg6 50. Qf4 Qd5 51. Qg3+ Kf7 52. Qf4 h5 53. Qf3 Qe5+ 54. Qg3 Qe4 55. Qf4 Qe5 56. Qxe5 fxe5 57. Kg3 Kf6 58. Kh4 Kg6 59. g4 hxg4 60. Kxg4 Kf6 61. h4 Kg6 62. h5+ Kh6 63. Kh4 Kh7 64. Kg4 Kg7 65. Kh4 Kh6 66. Kg4 Kh7 67. Kg5 Kg7 68. Kf5 Kh6 69. Kxe5 Kxh5 70. Kf6 Kg4 71. e4 1-0

[Event "January 9 Late 2024"]
[Site "https://www.chess.com"]
[Date "2024.01.09"]
[Round "3"]
[White "Gubajdullin, Alexei"]
[Black "Ladan, Nicholas"]
[Result "0-1"]
[Board "109"]
[TimeControl "180+1"]
[WhiteFideId "4141202"]
[BlackFideId "30918855"]
[WhiteElo "2647"]
[BlackElo "2473"]
[WhiteTeam "RUS"]
[BlackTeam "USA"]
[WhiteClock "0:00:30"]
[BlackClock "0:00:39"]

1. d4 d5 2. Nf3 Nf6 3. Bf4 Bf5 4. e3 e6 5. c4 Bb4+ 6. Nc3 c6 7. Qb3 a5 8. a3 Bxc3+ 9. bxc3 Qe7 10. c5 O-O 11. Bd6 Qd7 12. Ne5 Qc8 13. Bxf8 Kxf8 14. Bd3 Nfd7 15. Nxd7+ Nxd7 16. Bxf5 exf5 17. O-O Nf6 18. Rab1 Rb8 19. Qa4 h5 20. Qxa5 h4 21. h3 g5 22. Rb6 g4 23. Qa4 gxh3 24. gxh3 f4 25. Kh2 Qf5 26. Qd1 Re8 27. Qf3 Nh5 28. Rxb7 Re4 29. Rg1 Ng3 30. fxg3 hxg3+ 31. Kg2 Rxe3 32. Rb8+ Ke7 33. Rb7+ Kf6 34. Qxe3 Qc2+ 35. Kf3 fxe3 36. Rxg3 Qf2+ 37. Kg4 Qf5+ 38. Kh4 e2 39. Rb1 Qxb1 40. Rf3+ Qf5 41. Re3 Qf2+ 0-1

[Event "January 9 Late 2024"]
[Site "https://www.chess.com"]
[Date "2024.01.09"]
[Round "3"]
[White "Silva Lucena, Cristian"]
[Black "Garakov, Mikhael"]
[Result "1-0"]
[Board "110"]
[TimeControl "180+1"]
[WhiteFideId "2232588"]
[BlackFideId "4169034"]
[WhiteElo "2473"]
[BlackElo "2646"]
[WhiteTeam "ESP"]
[BlackTeam "RUS"]
[WhiteClock "0:00:53"]
[BlackClock "0:00:20"]

1. Nf3 c5 2. e4 e6 3. d4 cxd4 4. Nxd4 Nc6 5. Nc3 Qc7 6. Qd3 a6 7. Nxc6 bxc6 8. Qg3 e5 9. Bc4 Ne7 10. O-O Ng6 11. h4 h5 12. Bg5 Nf4 13. Rad1 Bc5 14. Bxf4 exf4 15. Qxg7 Rf8 16. e5 Be7 17. Ne4 Qb6 18. Nd6+ Kd8 19. Nxf7+ Kc7 20. Nd6 Kd8 21. e6 Qc7 22. Nxc8 d5 23. Nxe7 Qxe7 24. Qxe7+ Kxe7 25. Be2 Rf6 26. Bf3 a5 27. Rfe1 a4 28. Re5 a3 29. b3 Rg8 30. Rxh5 Rxe6 31. Rh7+ Kd6 32. Ra7 Rh8 33. h5 Kc5 34. Rxa3 Kb4 35. Ra6 Rhh6 36. c4 dxc4 37. bxc4 Kc3 38. c5 Kc2 39. Rd6 Re1+ 40. Kh2 Rh8 41. Raxc6 Rb8 42. Re6 Rf1 43. Re2+ Kc3 44. Kh3 Rh1+ 45. Kg4 Rg8+ 46. Rg6 Rf8 47. c6 Rb1 48. Re4 Rb2 49. Rxf4 1-0

[Event "January 9 Late 2024"]
[Site "https://www.chess.com"]
[Date "2024.01.09"]
[Round "3"]
[White "Fiedorek, Michal"]
[Black "Principe, Gerson"]
[Result "0-1"]
[Board "111"]
[TimeControl "180+1"]
[WhiteFideId "1199528"]
[BlackFideId "3804550"]
[WhiteElo "2472"]
[BlackElo "2644"]
[WhiteTeam "POL"]
[BlackTeam "PER"]
[WhiteClock "0:00:14"]
[BlackClock "0:00:04"]

1. e4 c6 2. d4 d5 3. f3 e6 4. Nc3 Nf6 5. e5 Nfd7 6. f4 c5 7. Nf3 Nc6 8. Be3 Be7 9. Be2 a6 10. O-O b5 11. Qd2 Qb6 12. f5 cxd4 13. Nxd4 Nxd4 14. Bxd4 Bc5 15. Bxc5 Qxc5+ 16. Kh1 Nxe5 17. Qg5 O-O 18. fxe6 f6 19. Qf5 Re8 20. Bd3 Nxd3 21. Qxd3 Bxe6 22. Rad1 Rad8 23. Rf4 Bf7 24. Rd4 Re5 25. h3 Qc6 26. a3 Qe6 27. Qd2 Bh5 28. Rf1 Bg6 29. a4 bxa4 30. Rxa4 Be4 31. Kh2 d4 32. Rxd4 Re8 33. Rd6 Qc4 34. Rf2 Bg6 35. Rd7 Qc5 36. Rf4 h6 37. Rfd4 Re3 38. R4d6 Qe5+ 39. Kg1 Qg3 40. Qd5+ Kh7 41. Rxg7+ Kxg7 42. Rd7+ Kh8 0-1

[Event "January 9 Late 2024"]
[Site "https://www.chess.com"]
[Date "2024.01.09"]
[Round "3"]
[White "Sun, Rick"]
[Black "Nikologorsky, Matfei"]
[Result "1-0"]
[Board "112"]
[TimeControl "180+1"]
[WhiteFideId "30909481"]
[BlackFideId "24102474"]
[WhiteElo "2642"]
[BlackElo "2472"]
[WhiteTeam "USA"]
[BlackTeam "FID"]
[WhiteClock "0:01:27"]
[BlackClock "0:00:09"]

1. e4 c5 2. Nf3 e6 3. d4 cxd4 4. Nxd4 a6 5. g3 d5 6. Bg2 dxe4 7. O-O Nf6 8. Nc3 Bc5 9. Be3 Nbd7 10. Nxe4 Nxe4 11. Bxe4 Qb6 12. b4 Qxb4 13. Rb1 Qa3 14. Rb3 Qxa2 15. Nxe6 fxe6 16. Bxc5 Nxc5 17. Qh5+ Kf8 18. Qxc5+ Kg8 19. Qe7 g6 20. Rf3 e5 21. Rf8# 1-0

[Event "January 9 Late 2024"]
[Site "https://www.chess.com"]
[Date "2024.01.09"]
[Round "3"]
[White "Bellissimo, Joseph F."]
[Black "Skatchkov, Valery"]
[Result "1-0"]
[Board "113"]
[TimeControl "180+1"]
[WhiteFideId "2609843"]
[BlackFideId "24195812"]
[WhiteElo "2471"]
[BlackElo "2641"]
[WhiteTeam "CAN"]
[BlackTeam "RUS"]
[WhiteClock "0:01:48"]
[BlackClock "0:02:01"]

1. e4 e5 2. Nf3 d5 3. Nxe5 Bd6 4. d4 dxe4 5. Nc3 Bxe5 6. dxe5 Qxd1+ 7. Kxd1 Bf5 8. Bb5+ Nd7 9. Bxd7+ Kxd7 10. Re1 Re8 11. Bf4 Ne7 12. Nxe4 Ng6 13. Bg3 h5 14. h4 f6 15. e6+ Kxe6 16. Nd6+ Ne5 17. Nxe8 Rxe8 18. f4 Rd8+ 19. Kc1 1-0

[Event "January 9 Late 2024"]
[Site "https://www.chess.com"]
[Date "2024.01.09"]
[Round "3"]
[White "Sivakumar, Shaaketh"]
[Black "Shohat, Yotam"]
[Result "0-1"]
[Board "114"]
[TimeControl "180+1"]
[WhiteFideId "30940176"]
[BlackFideId "2813955"]
[WhiteElo "2641"]
[BlackElo "2471"]
[WhiteTeam "USA"]
[BlackTeam "ISR"]
[WhiteClock "0:00:08"]
[BlackClock "0:00:06"]

1. e4 e5 2. Nf3 Nc6 3. Bb5 a6 4. Ba4 Nf6 5. O-O Nxe4 6. Re1 Nc5 7. Nxe5 Be7 8. Bxc6 dxc6 9. d4 Ne6 10. c3 O-O 11. Nd2 c5 12. Ndf3 cxd4 13. cxd4 Re8 14. Be3 f6 15. Nd3 Kh8 16. Qb3 b6 17. d5 Nf8 18. Rad1 Bb7 19. Nf4 Bd6 20. Nd4 Qd7 21. Nde6 Re7 22. Bc1 Rae8 23. Qh3 Bxf4 24. Bxf4 Nxe6 25. dxe6 Rxe6 26. Be3 Qc6 27. Rc1 Qd6 28. Red1 Qe7 29. Qg3 c5 30. b4 Rc8 31. bxc5 bxc5 32. Bxc5 Rxc5 33. Qb8+ Bc8 34. Qxc8+ Rxc8 35. Rxc8+ Qe8 36. Rxe8+ Rxe8 37. g3 Kg8 38. Rd6 a5 39. Rd5 a4 40. Rd7 Re2 41. a3 Ra2 42. Rd3 Kf7 43. Kg2 Ke6 44. Kf3 Ke5 45. h4 h5 46. Ke3 g5 47. Rc3 Kd5 48. Rd3+ Ke5 49. Rc3 Kd5 50. Kf3 Kd4 51. Re3 g4+ 52. Kg2 Rb2 53. Re6 Rb3 54. Rxf6 Rxa3 55. Rf5 Rc3 56. Rxh5 Rc5 57. Rh8 Kc3 58. Ra8 Kb3 59. f3 Rc2+ 60. Kf1 gxf3 61. h5 a3 62. h6 Rh2 63. Rb8+ Kc3 64. Rc8+ Kb2 65. Rb8+ Kc2 66. Rc8+ Kb2 67. Rb8+ Kc3 68. Rb6 a2 69. Ra6 a1=Q+ 70. Rxa1 Rh1+ 71. Kf2 Rxa1 72. g4 Kd4 73. g5 Ke5 74. Kxf3 Kf5 75. h7 Rh1 76. g6 Kxg6 77. Kg2 Rxh7 0-1

[Event "January 9 Late 2024"]
[Site "https://www.chess.com"]
[Date "2024.01.09"]
[Round "3"]
[White "Spichkin, Alexander"]
[Black "Lizak, Peter"]
[Result "0-1"]
[Board "115"]
[TimeControl "180+1"]
[WhiteFideId "4144074"]
[BlackFideId "731595"]
[WhiteElo "2470"]
[BlackElo "2638"]
[WhiteTeam "RUS"]
[BlackTeam "HUN"]
[WhiteClock "0:01:02"]
[BlackClock "0:00:15"]

1. f4 d5 2. Nf3 Nc6 3. e3 Bg4 4. Bb5 Qd6 5. b3 a6 6. Ba3 Qh6 7. Be2 Nf6 8. O-O Bxf3 9. Bxf3 e5 10. Bxf8 Rxf8 11. fxe5 Nxe5 12. Nc3 O-O-O 13. b4 Qh4 14. b5 a5 15. b6 c6 16. Rb1 h5 17. Ne2 Nxf3+ 18. Rxf3 Ng4 19. h3 Ne5 20. Rf4 Qe7 21. Nd4 g6 22. Qc1 Nc4 23. Rf3 f5 24. d3 Ne5 25. Rg3 h4 26. Rf3 Nxf3+ 27. Nxf3 Rde8 28. Kf2 g5 29. Qd2 g4 30. Nd4 gxh3 31. Re1 Qg5 32. Rg1 Qg3+ 33. Ke2 h2 34. Nf3 hxg1=Q 35. Qxa5 Q3f2# 0-1

[Event "January 9 Late 2024"]
[Site "https://www.chess.com"]
[Date "2024.01.09"]
[Round "3"]
[White "Suich, Peter D"]
[Black "Janaszak, Dawid"]
[Result "1/2-1/2"]
[Board "116"]
[TimeControl "180+1"]
[WhiteFideId "2050366"]
[BlackFideId "1119206"]
[WhiteElo "2470"]
[BlackElo "2637"]
[WhiteTeam "USA"]
[BlackTeam "POL"]
[WhiteClock "0:00:06"]
[BlackClock "0:00:05"]

1. d4 d5 2. c4 e6 3. Nf3 c5 4. g3 Nf6 5. Bg2 Nc6 6. O-O Be7 7. cxd5 exd5 8. dxc5 Bxc5 9. Qc2 Bb6 10. Nc3 O-O 11. Na4 Re8 12. Nxb6 Qxb6 13. a3 Bg4 14. b4 Rac8 15. Qb3 Rxe2 16. Be3 d4 17. Qd3 dxe3 18. Qxe2 Re8 19. fxe3 Rxe3 20. Qf2 Ne4 21. Qxe3 Qxe3+ 22. Kh1 Nf2+ 23. Kg1 Nd3+ 24. Kh1 h6 25. h3 Be6 26. Kh2 Nd4 27. Nxd4 Qxd4 28. Rad1 Qe3 29. Rf3 Qe2 30. Rdxd3 b6 31. Rfe3 Qb2 32. g4 g6 33. Kg3 Kg7 34. Bf3 g5 35. Re2 Qa1 36. Red2 Qg1+ 37. Bg2 Qe1+ 38. Kh2 Qe5+ 39. Kg1 a5 40. bxa5 bxa5 41. Kf2 a4 42. Re3 Qf4+ 43. Ke2 Bc4+ 44. Rdd3 Bxd3+ 45. Kxd3 Qf2 46. Be4 Qb2 47. Kc4 Qc1+ 48. Kd4 Qd2+ 49. Rd3 Qb2+ 50. Kd5 Qb7+ 51. Kd4 Qe7 52. Bf5 Qd6+ 53. Kc4 Qb6 54. Kd5 Kf6 55. Kc4 Qa6+ 56. Kb4 Qa7 57. Kb5 Ke5 58. Rc3 Kd4 59. Rd3+ Ke5 60. Rc3 f6 61. Rc5+ Kd4 62. Rc4+ Ke5 63. Rxa4 Qb7+ 64. Kc4 Qc6+ 65. Kb3 Qf3+ 66. Kb4 Qb7+ 67. Kc3 Qf3+ 68. Bd3 Qxh3 69. Ra5+ Kd6 70. Ra6+ Kc5 71. Ra5+ Kb6 72. Ra6+ Kb7 73. Rxf6 Qxg4 74. Rxh6 Qd1 75. Rh7+ Kb6 76. Rh6+ Kc5 77. Rg6 Qc1+ 78. Kb3 Qd1+ 79. Bc2 Qd5+ 80. Kb2 Qe5+ 81. Kc1 Kd4 82. a4 Ke3 83. Bb3 Qc3+ 84. Bc2 Qa1+ 85. Bb1 Kf4 86. Ra6 Qc3+ 87. Bc2 g4 88. Rg6 g3 89. Kd1 Qa1+ 90. Ke2 Qa2 91. Kd2 Kf3 92. Rf6+ Kg2 93. Rg6 Kh2 94. Rh6+ Kg1 95. Rg6 g2 96. a5 Qd5+ 97. Ke2 Qxa5 98. Be4 Qa2+ 99. Ke3 Qa3+ 100. Kf4 Qf8+ 101. Ke3 Qc5+ 102. Kf4 Qf2+ 103. Ke5 Qb2+ 104. Kf4 Qf2+ 105. Ke5 Kf1 106. Rxg2 Qxg2 107. Bxg2+ 1/2-1/2

[Event "January 9 Late 2024"]
[Site "https://www.chess.com"]
[Date "2024.01.09"]
[Round "3"]
[White "Bressac, Stephane"]
[Black "Reprintsev, Alexander"]
[Result "0-1"]
[Board "117"]
[TimeControl "180+1"]
[WhiteFideId "655945"]
[BlackFideId "14100541"]
[WhiteElo "2633"]
[BlackElo "2466"]
[WhiteTeam "FRA"]
[BlackTeam "UKR"]
[WhiteClock "0:00:05"]
[BlackClock "0:01:11"]

1. e4 d5 2. exd5 Qxd5 3. Nc3 Qa5 4. d4 Nf6 5. Nf3 Nc6 6. Bb5 Ne4 7. Bxc6+ bxc6 8. Bd2 Nxc3 9. Bxc3 Qd5 10. h3 Ba6 11. Qd2 e6 12. b3 Ba3 13. Qe3 O-O 14. Qe5 f6 15. Qxd5 cxd5 16. Kd2 c5 17. Rab1 Rac8 18. dxc5 Bxc5 19. Bd4 e5 20. Bxc5 Rxc5 21. c3 Kf7 22. Rhc1 Rfc8 23. Ne1 Ke6 24. Nd3 R5c7 25. Nb4 Bb7 26. f3 a5 27. Nd3 Ba6 28. Nb2 Bb5 29. Rc2 h5 30. Rbc1 h4 31. c4 dxc4 32. bxc4 Bc6 33. Nd3 Rd8 34. Ke3 g5 35. Nc5+ Kf5 36. Ne4 Rd4 37. Nf2 Ba4 38. Rc3 Ke6 39. c5 f5 40. Rc4 f4+ 41. Ke2 Bb5 0-1

[Event "January 9 Late 2024"]
[Site "https://www.chess.com"]
[Date "2024.01.09"]
[Round "3"]
[White "Goryachkina, Aleksandra"]
[Black "Bochnicka, Vladimir"]
[Result "1-0"]
[Board "118"]
[TimeControl "180+1"]
[WhiteFideId "4147103"]
[BlackFideId "14943450"]
[WhiteElo "2631"]
[BlackElo "2466"]
[WhiteTeam "FID"]
[BlackTeam "SVK"]
[WhiteClock "0:01:11"]
[BlackClock "0:00:27"]

1. e4 c5 2. Nf3 Nc6 3. Bb5 e6 4. Bxc6 bxc6 5. d3 Ne7 6. Qe2 Ng6 7. h4 Be7 8. h5 Nf8 9. h6 g6 10. e5 f6 11. Nc3 Qc7 12. exf6 Bxf6 13. Ne4 Be7 14. Bg5 d5 15. Bxe7 Qxe7 16. Ned2 Nd7 17. O-O-O O-O 18. Rde1 Nf6 19. Ng5 Re8 20. f4 Qc7 21. Rhf1 Bd7 22. Qe5 Qxe5 23. fxe5 Nh5 24. g4 Ng3 25. Rf7 Rad8 26. Rg7+ Kh8 27. Nf7# 1-0

[Event "January 9 Late 2024"]
[Site "https://www.chess.com"]
[Date "2024.01.09"]
[Round "3"]
[White "Xhembulla, Aleksander"]
[Black "Ezat, Mohamed"]
[Result "1-0"]
[Board "119"]
[TimeControl "180+1"]
[WhiteFideId "4705114"]
[BlackFideId "10600906"]
[WhiteElo "2631"]
[BlackElo "2459"]
[WhiteTeam "ALB"]
[BlackTeam "EGY"]
[WhiteClock "0:01:59"]
[BlackClock "0:00:54"]

1. e4 e5 2. Nf3 Nc6 3. Bc4 Nf6 4. d3 h6 5. c3 d6 6. Nbd2 g5 7. Nf1 Bg7 8. Ne3 Ne7 9. O-O Ng6 10. Re1 g4 11. Nd2 h5 12. Nf5 Bxf5 13. exf5 Ne7 14. d4 exd4 15. cxd4 O-O 16. Bd3 Nc6 17. Ne4 Nxd4 18. Bg5 Nxf5 19. Qc1 Nd4 20. Bxf6 Bxf6 21. Qh6 Bg7 22. Nf6+ 1-0

[Event "January 9 Late 2024"]
[Site "https://www.chess.com"]
[Date "2024.01.09"]
[Round "3"]
[White "Plotnikov, Pavel"]
[Black "Kozin, Yuri"]
[Result "1/2-1/2"]
[Board "120"]
[TimeControl "180+1"]
[WhiteFideId "4170342"]
[BlackFideId "4129920"]
[WhiteElo "2455"]
[BlackElo "2627"]
[WhiteTeam "RUS"]
[BlackTeam "RUS"]
[WhiteClock "0:00:20"]
[BlackClock "0:00:20"]

1. e4 c5 2. c3 Nf6 3. e5 Nd5 4. d4 cxd4 5. Qxd4 e6 6. Bd3 Nc6 7. Qe4 Qc7 8. Nf3 d6 9. exd6 Bxd6 10. O-O Nf6 11. Qe2 Ng4 12. h3 Nge5 13. Nxe5 Nxe5 14. Bb5+ Bd7 15. Bxd7+ Nxd7 16. Nd2 Nf6 17. Nc4 Be7 18. a4 O-O 19. Bg5 h6 20. Bh4 Rac8 21. Ne5 Nd5 22. Bxe7 Qxe7 23. Rfe1 Rfd8 24. Rad1 Qg5 25. Nxf7 Nf4 26. Nxg5 Nxe2+ 27. Kf1 Rxd1 28. Rxd1 Nxc3 29. bxc3 hxg5 30. Rd7 b6 31. Rxa7 Rxc3 32. Rb7 Rc6 33. Ke2 Kh7 34. Kd3 Kg6 35. Kd4 Kf6 36. g4 g6 37. f3 Rd6+ 38. Ke4 Rc6 39. Kd4 Rd6+ 40. Ke4 Rc6 41. Kd4 1/2-1/2

[Event "January 9 Late 2024"]
[Site "https://www.chess.com"]
[Date "2024.01.09"]
[Round "3"]
[White "Mokshanov, Alexey"]
[Black "Morales Garcia, Sergio Joshafatt"]
[Result "1/2-1/2"]
[Board "121"]
[TimeControl "180+1"]
[WhiteFideId "24121657"]
[BlackFideId "5106249"]
[WhiteElo "2623"]
[BlackElo "2454"]
[WhiteTeam "RUS"]
[BlackTeam "MEX"]
[WhiteClock "0:00:14"]
[BlackClock "0:00:03"]

1. e4 c5 2. Nf3 e6 3. g3 d5 4. exd5 exd5 5. Bg2 Nc6 6. O-O Bg4 7. d4 cxd4 8. h3 Bxf3 9. Qxf3 Nf6 10. Bg5 Be7 11. Bxf6 Bxf6 12. Re1+ Kf8 13. Nd2 g6 14. Qxd5 Kg7 15. Qxd8 Rhxd8 16. Bxc6 bxc6 17. Rad1 a5 18. a4 d3 19. c3 Rab8 20. Nc4 Rd5 21. Re3 Rc5 22. Re4 Bd8 23. Rxd3 f5 24. Red4 Bf6 25. Rd7+ Kh6 26. Ne3 Rxb2 27. Rf7 Rxc3 28. Rdd7 Rxe3 29. fxe3 Be5 30. Rxh7+ Kg5 31. g4 fxg4 32. hxg4 Kxg4 33. e4 c5 34. Kf1 Kf3 35. Ke1 Bf4 36. Kd1 Kxe4 37. Rhe7+ Kf3 38. Rd5 c4 39. Rc5 Rb4 40. Rf7 Rb1+ 41. Kc2 Rb4 42. Kc3 Rxa4 43. Rc6 g5 44. Rxc4 Rxc4+ 45. Kxc4 g4 46. Kb5 g3 47. Rg7 g2 48. Rxg2 Kxg2 49. Kxa5 1/2-1/2